AoeStats
← eyupfc

Arabia

507798293Analyzed
1v1 RM · 12d ago on Sep 19, 2026· 52m 18s· 2 players
Game mode
Random Map
Map size
Tiny (2 player)
Population
200
Speed
Normal
Resources
Standard
Victory
Conquest
Starting age
Dark Age
Ending age
Imperial Age
RankedLock teamsTeams togetherTeam positionsShared explorationLock speedFull tech treeHidden civsTurbo modeCheats
Victory
Defeat
🇫🇷 Malians · France
1320
+14
🇹🇷 Mapuche · Türkiye
1278
-14
eyupfc
6:06 Loom
8:57 Feudal Age
9:55 Champi Runner
11:24 Double-Bit Axe
11:32 Double-Bit Axe
13:59 Wheelbarrow
14:52 Fletching
20:15 Padded Archer Armor
24:54 Castle Age
23:27 Horse Collar
23:42 Gold Mining
25:01 Crossbowman
28:01 Leather Archer Armor
27:43 Bodkin Arrow
30:03 Ballistics
29:56 Town Watch
31:56 Bow Saw
33:49 Hand Cart
38:36 Imperial Age
38:42 Capped Ram
41:57 Chemistry
40:53 Murder Holes
41:30 Ring Archer Armor
43:10 Forging
48:33 Malon
49:35 Forging
49:59 Conscription
49:20 Pikeman
50:03 Scale Mail Armor
51:08 Iron Casting
51:00 Halberdier
Valwe
5:55 Loom
9:07 Feudal Age
9:47 Man-at-Arms
16:32 Scale Mail Armor
20:09 Castle Age
18:12 Horse Collar
18:35 Double-Bit Axe
19:29 Forging
20:56 Squires
20:17 Long Swordsman
22:43 Chain Mail Armor
22:55 Heavy Plow
23:29 Bow Saw
24:01 Arson
29:36 Gold Mining
29:47 Town Watch
30:43 Wheelbarrow
36:56 Imperial Age
36:07 Hand Cart
37:08 Gold Shaft Mining
36:26 Stone Mining
38:05 Elite Gbeto
39:24 Plate Mail Armor
41:08 Iron Casting
41:21 Conscription
41:25 Farimba
43:51 Two-Handed Swordsman
45:03 Scale Barding Armor
45:34 Champion
46:46 Chain Barding Armor
46:29 Husbandry
47:23 Bloodlines
46:34 Light Cavalry
49:21 Plate Barding Armor
Connection lost

Rejoining the realm…

Still unreachable

The connection could not be restored.

Session expired

The server has moved on; the page needs a fresh start.